 Dungeon Crawl Stone Soup version 0.31-a0-261-g072fdb8a1f (webtiles) character file.

Game seed: 17984482537465496603

87 qw the Shooter (level 4, 0/36 HPs)
             Began as a Minotaur Hexslinger on July 13, 2023.
             Slain by a hobgoblin
             ... wielding a +2 dagger of electrocution
              (2 damage)
             ... on level 2 of the Dungeon.
             The game lasted 00:00:35 (1801 turns).

qw the Shooter (Minotaur Hexslinger)                Turns: 1801, Time: 00:00:36

Health: 0/36       AC:  5    Str: 13    XL:     4   Next: 28%
Magic:  4/4        EV: 11    Int: 10    God:
Gold:   106        SH:  0    Dex: 14    Spells: 4/5 levels left

rFire   . . .        Y - +1 sling
rCold   . . .        (no shield)
rNeg    . . .        g - +0 ring mail
rPois   .            (helmet restricted)
rElec   .            (no cloak)
rCorr   .            (no gloves)
SInv    .            (no boots)
Will    .....        (no amulet)
Stlth   +            (no ring)
HPRegen 0.26/turn    (no ring)
MPRegen 0.09/turn

%: no passive effects
@: no status effects
A: horns 2, retaliatory headbutt
a: no special abilities


You were on level 2 of the Dungeon.
You visited 1 branch of the dungeon, and saw 3 of its levels.

You collected 106 gold pieces.


Innate Abilities, Weirdness & Mutations

You have a pair of horns on your head.
You reflexively headbutt those who attack you in melee.


   Skills:
 - Level 2.0 Fighting
 + Level 4.6 Ranged Weapons
 - Level 1.0 Armour
 - Level 2.1 Dodging
 - Level 1.0 Spellcasting
 - Level 2.0 Hexes


You had 4 spell levels left.
You knew the following spells:

 Your Spells              Type           Power      Damage    Failure   Level
a - Slow                  Hex            16%        N/A       32%         1

Your spell library contained the following spells:

 Spells                   Type           Power      Damage    Failure   Level
 Inner Flame              Hex/Fire       2%         N/A       82%         3
 Portal Projectile        Hex/Tloc       4%         N/A       82%         3
 Cause Fear               Hex            2%         N/A       97%         4

Inventory:

Hand Weapons
 Y - a +1 sling (weapon)
Armour
 g - a +0 ring mail (worn)
Scrolls
 a - a scroll of identify
 j - a scroll of teleportation
Potions
 c - a potion of resistance {unknown}
 d - a potion of mutation {unknown}
 e - a potion of degeneration {unknown}
 f - a potion of lignification {unknown}
 h - a potion of enlightenment {unknown}
 i - a potion of curing {unknown}

Dungeon Overview and Level Annotations

Branches:
Dungeon (3/15)

Altars:


Message History

Something hits you but does no damage. x2
You shoot a sling bullet. Something hits you but does no damage.
You shoot a sling bullet. Something hits you.
You shoot a sling bullet.
You hear some strange, mumbled words.
You are confused.
You shoot a sling bullet.
An orc wizard appears from thin air!
Reactivating autopickup.
The orc wizard barely misses you. x2
The orc wizard hits you with a +0 dagger.
The orc wizard hits you with a +0 dagger.
The orc wizard closely misses you.
The orc wizard hits you with a +0 dagger.
The orc wizard gestures at you while chanting.
The magic dart hits you.
You feel less confused.
The orc wizard hits you but does no damage.
1798 ||| READING 2 scrolls of teleportation.
As you read the scroll of teleportation, it crumbles to dust.
You feel strangely unstable.
The orc wizard gestures at you while chanting.
You resist with some effort.
You shoot a sling bullet.
The sling bullet barely misses the orc wizard.
The orc wizard gestures at you while chanting.
You resist with some effort.
You shoot a sling bullet.
The sling bullet hits the orc wizard but does no damage.
The orc wizard is almost dead.
The orc wizard hits you with a +0 dagger.
You shoot a sling bullet.
The sling bullet closely misses the orc wizard.
Your surroundings suddenly seem different.
A hobgoblin comes into view.
It is wielding a +2 dagger of electrocution.
The hobgoblin shouts!
The hobgoblin hits you with a +2 dagger of electrocution.
You die...

#o# #.##..........# #.
#># #.##.#####.##.# #.
#.# #.....# #.##.# #.
#.# ####..# #.##.# #.
#.# #####).####.##.# #.
#.# #...........##.# #.
#.# #.###..#######.# #.
#.# #.# #..# #.# #. #.#
#.# #.@#######.# #. #.#
#.###.g........# ###.
#.######...........####
#...
####.#................#
#.##
.....#.####..###.###..#
#.# ######.#
#........##..##### #.#
#.# #...###.......##.##
#.# #.# #...#
#...###.....# #.## #.#
#...# ##..# #.##.##
#.#.


You could see a hobgoblin.

Vanquished Creatures
  An orc wizard (D:3)
  2 adders (D:2)
  An orc (D:3)
  8 endoplasms
  5 giant cockroaches
  3 goblins
  A hobgoblin (D:2)
  3 kobolds
  A quokka (D:2)
  8 ball pythons
  2 bats (D:1)
  6 frilled lizards
  2 rats
43 creatures vanquished.

Notes
Turn   | Place    | Note
-------+----------+-------------------------------------------
     0 | D:1      | qw the Minotaur Hexslinger began the quest for the Orb.
     0 | D:1      | Reached XP level 1. HP: 16/16 MP: 1/1
     0 | D:1      | 0 ||| qw: Version: 0.3-a-52-g30416fa
     0 | D:1      | 0 ||| qw: Game counter: 7021
     0 | D:1      | 0 ||| qw: Melee chars always use a shield: true
     0 | D:1      | 0 ||| qw: God list: Okawaru
     0 | D:1      | 0 ||| qw: Allow faded altars: false
     0 | D:1      | 0 ||| qw: Do Orc after clearing Dungeon:15 true
     0 | D:1      | 0 ||| qw: Do second Lair branch before Depths: true
     0 | D:1      | 0 ||| qw: Lair rune preference: random
     0 | D:1      | 0 ||| qw: Goals: Normal
     0 | D:1      | 0 ||| PLANNING D:1-11
   207 | D:1      | Reached skill level 3 in Ranged Weapons
   207 | D:1      | Reached XP level 2. HP: 23/23 MP: 2/2
   790 | D:1      | 790 ||| UPGRADING to +0 ring mail.
   800 | D:1      | 800 ||| DROPPING +0 robe.
   801 | D:1      | 801 ||| DROPPING scroll of poison.
   816 | D:2      | 816 ||| STAIRDANCE
  1022 | D:2      | Reached XP level 3. HP: 28/29 MP: 3/3
  1200 | D:2      | Reached skill level 4 in Ranged Weapons
  1666 | D:2      | 1666 ||| READING 2 scrolls labelled SECUNTUMONAW.
  1667 | D:2      | 1667 ||| READING 2 scrolls labelled CEFINL FUEH.
  1733 | D:3      | Reached skill level 1 in Armour
  1773 | D:3      | Reached XP level 4. HP: 28/36 MP: 4/4
  1774 | D:3      | 1774 ||| FLEEEEING.
  1775 | D:3      | 1775 ||| FLEEEEING.
  1776 | D:3      | 1776 ||| FLEEEEING.
  1777 | D:3      | 1777 ||| FLEEEEING.
  1778 | D:3      | 1778 ||| STAIRDANCE
  1796 | D:2      | HP: 5/36 [orc wizard/magic dart (6)]
  1798 | D:2      | 1798 ||| READING 2 scrolls of teleportation.
  1800 | D:2      | HP: 2/36 [orc wizard/+0 dagger (4)]
  1801 | D:2      | Slain by a hobgoblin

Levels and vault maps discovered:
D:1:      psy_arrival_dodecagon, layout_loops_corners
D:2:      layout_loops_ring, serial_forest, infiniplex_forest_end_double,
          infiniplex_forest_clump_long, infiniplex_forest_clump_small,
          infiniplex_forest_lined_ring, infiniplex_forest_join,
          kennysheep_generic_room_15
D:3:      layout_rooms, uniq_grinder

Skill      XL: |  1  2  3 |
---------------+----------+-----
Ranged Weapons | 3 4 |  4.6
Fighting       | 2 |  2.0
Armour         | 1 |  1.0
Dodging        | |  2.1
Spellcasting   | |  1.0
Hexes          | |  2.0

Action                     |  1- 3 |  4- 6 || total
---------------------------+-------+-------++-------
   Fire: Sling             |   115 |    14 ||   129
    Use: Scroll            |     2 |     1 ||     3
 Armour: Ring mail         |    18 |     7 ||    25
  Dodge: Dodged            |    40 |     5 ||    45

Table legend:
 A = Non-vault XP
 B = Vault XP
 C = Vault XP percentage of total XP
 D = Non-vault monster count
 E = Vault monster count
 F = Vault count percentage of total count
                 A         B        C        D         E       F
            +---------+---------+-------+---------+---------+-------
      Total |     123 |       2 |   1.6 |      42 |       1 |   2.3
            +---------+---------+-------+---------+---------+-------
        D:1 |      21 |       0 |   0.0 |      15 |       0 |   0.0
        D:2 |      54 |       2 |   3.6 |      19 |       1 |   5.0
        D:3 |      48 |       0 |   0.0 |       8 |       0 |   0.0
            +---------+---------+-------+---------+---------+-------
